 Dungeon Crawl Stone Soup version 0.32-a0-872-g59262bdc9b (webtiles) character file.

Game seed: 13153575579511082127

66515 jasper the Warrior (level 14, -9/133 (137) HPs)
             Began as a Mountain Dwarf Brigand on Mar 30, 2024.
             Was an Elder of Beogh.
             Mangled by Urug
             ... wielding a +4 demon trident
              (13 damage)
             ... while paralysed by an orc sorcerer
             ... on level 1 of the Orcish Mines.
             The game lasted 00:36:31 (23017 turns).

jasper the Warrior (Mountain Dwarf Brigand)        Turns: 23017, Time: 00:36:31

HP:   -9/133 (137)  AC: 27    Str: 18    XL:     14   Next: 79%
MP:   0/25          EV:  2    Int: 13    God:    Beogh [****..]
Gold: 955           SH:  0    Dex: 14    Spells: 13/13 levels left

rFire   + + +        P - +1 war axe
rCold   + + +        b - +2 buckler {rC+}
rNeg    + . .        S - +2 plate armour {rC+}
rPois   .            o - +1 helmet
rElec   .            c - +0 cloak
rCorr   .            w - +2 pair of gloves
SInv    .            r - +0 pair of boots
Will    +....        U - amulet of guardian spirit Stlth
                     Q - ring "Zotetou" {^Drain rF+++ rC+ Dex+3}
HPRegen 0.42/turn    y - ring "Zeom" {rF+ rC+ rN+ Slay+3}
MPRegen 0.19/turn

%: guardian spirit
@: paralysed, lightly drained, invisible (expiring)
A: runic magic, artefact enchanting
a: Renounce Religion, Smiting, Recall Apostles, Dismiss Arkwar, priest, Dismiss
Gorm, wizard, Dismiss Alork, wizard


You were on level 1 of the Orcish Mines.
You worshipped Beogh.
Beogh was greatly pleased with you.
You visited 3 branches of the dungeon, and saw 17 of its levels.
You also visited: Sewer and Ice Cave.

You collected 1216 gold pieces.
You spent 261 gold pieces at shops.

Inventory:

Hand Weapons
 P - a +1 war axe (weapon)
 W - a +3 trident of draining
Missiles
 d - 21 poisoned darts (quivered)
 e - 5 curare-tipped darts
 l - 6 javelins
 s - 9 boomerangs
 A - 170 stones
Armour
 b - a +2 buckler of cold resistance (worn)
 c - a +0 cloak (worn)
 o - a +1 helmet (worn)
 r - a +0 pair of boots (worn)
 w - a +2 pair of gloves (worn)
 S - a +2 plate armour of cold resistance (worn)
Jewellery
 f - a ring of protection from cold
 q - a ring of see invisible
 t - a ring of magical power
 x - an amulet of magic regeneration
 y - the ring "Zeom" (right hand) {rF+ rC+ rN+ Slay+3}
   (You found it on level 5 of the Lair of Beasts)

   [ring of positive energy]

   Slay+3:    It affects your accuracy & damage with ranged weapons and melee
   (+3).
   rF+:       It protects you from fire.
   rC+:       It protects you from cold.
   rN+:       It protects you from negative energy.
 K - a ring of flight
 L - a ring of ice
 Q - the ring "Zotetou" (left hand) {^Drain rF+++ rC+ Dex+3}
   (You acquired it on level 8 of the Dungeon)

   [ring of protection from cold]

   Dex+3:     It affects your dexterity (+3).
   rF+++:     It renders you almost immune to fire.
   rC+:       It protects you from cold.
   ^Drain:    It drains your maximum health when unequipped.
 T - a ring of protection from fire
 U - an amulet of guardian spirit (around neck)
 Y - a ring of protection from cold
Wands
 g - a wand of light (4)
 n - a wand of iceblast (5)
 z - a wand of polymorph (20)
 J - a wand of flame (1)
 R - a wand of paralysis (16)
 V - a wand of digging (8)
Scrolls
 h - 4 scrolls of teleportation
 u - 2 scrolls of brand weapon
 v - 2 scrolls of vulnerability
 C - 2 scrolls of fog
 E - a scroll of enchant armour
 F - a scroll of torment
 I - 2 scrolls of poison
Potions
 i - 5 potions of brilliance
 j - 3 potions of enlightenment
 k - 8 potions of haste
 m - 3 potions of attraction
 B - 3 potions of lignification
 D - 2 potions of magic
 G - 4 potions of mutation
 H - 2 potions of might
 M - 3 potions of curing
 O - a potion of invisibility
 X - 2 potions of cancellation {unknown}
 Z - 2 potions of ambrosia {unknown}
Miscellaneous
 a - a tin of tremorstones (2/2)


   Skills:
 * Level 16.3 Fighting
 - Level 1.5 Short Blades
 - Level 16.0 Axes
 - Level 1.5 Throwing
 + Level 13.6 Armour
 - Level 0.6 Dodging
 - Level 2.9 Stealth
 - Level 5.0 Shields
 + Level 14.7 Invocations


You had 13 spell levels left.
You didn't know any spells.
Your spell library contained the following spells:

 Spells                   Type           Power      Damage    Failure   Level
 Apportation              Tloc           0%         N/A       61%         1
 Freeze                   Ice            0%         1d3       61%         1
 Magic Dart               Conj           0%         1d3       61%         1
 Necrotise                Necr           0%         1d4       61%         1
 Sting                    Conj/Alch      0%         1d3       61%         1
 Summon Small Mammal      Summ           0%         N/A       61%         1
 Blink                    Tloc           0%         N/A       75%         2
 Call Imp                 Summ           0%         N/A       75%         2
 Cigotuvi's Dreadful Rot  Necr/Alch/Air  0%         N/A       75%         2
 Lesser Beckoning         Tloc           0%         N/A       75%         2
 Momentum Strike          Conj/Tloc      0%         3d8       75%         2
 Frozen Ramparts          Ice            0%         1d1       93%         3
 Hailstorm                Conj/Ice       0%         3d5       93%         3
 Brom's Barrelling Bould  Conj/Erth      0%         2d3       100%        4
 Ignite Poison            Fire/Alch      0%         N/A       100%        4
 Leda's Liquefaction      Alch/Erth      0%         N/A       100%        4
 Petrify                  Alch/Erth      0%         N/A       100%        4
 Fireball                 Conj/Fire      0%         3d3       100%        5
 Freezing Cloud           Conj/Ice/Air   0%         6-21      100%        5
 Iskenderun's Battlesphe  Conj           0%         2d6       100%        5
 Metabolic Englaciation   Hex/Ice        0%         N/A       100%        5
 Summon Forest            Summ/Tloc      0%         N/A       100%        5
 Summon Mana Viper        Hex/Summ       0%         N/A       100%        5
 Bombard                  Conj/Erth      0%         9d1       100%        6
 Conjure Ball Lightning   Conj/Air       0%         3x3d6     100%        6
 Summon Cactus Giant      Summ           0%         N/A       100%        6
 Orb of Destruction       Conj           0%         9d5       100%        7
 Spellforged Servitor     Conj/Summ      0%         N/A       100%        7


Dungeon Overview and Level Annotations

Branches:
Dungeon (11/15)            Temple (0/1) D:6            Lair (5/5) D:11
  Swamp (0/4) Lair:2        Snake (0/4) Lair:2        Slime (0/5) Lair:5
    Orc (1/2) D:9           Sewer (visited)           IceCv (visited)

Altars:
Ashenzari
Dithmenos
Kikubaaqudgha
Qazlal
Sif Muna
Trog
Uskayaw
Wu Jian
Xom
Yredelemnul
Jiyva

Shops:
D:5 !   D:7 !   D:9 :

Annotations:
D:10 1 runed translucent door, SageDae's ghost, journeyman CoGl
Orc:1 Nergalle; Urug


Innate Abilities, Weirdness & Mutations

Your facial features look somewhat orcish.
Your spellcasting is much less encumbered by armour.
You can use scrolls of enchantment on lesser artefacts.


Message History

You hit the orc sorcerer.
The orc sorcerer is heavily wounded.
You hit the orc sorcerer. You hit Nergalle.
You catch the helpless Urug completely off-guard!
You hit Urug. You hit the hellwing but do no damage.
Urug hits you but does no damage.
The orc sorcerer hits you but does no damage.
Nergalle hits you but does no damage.
The orc sorcerer hits you but does no damage.
The spectral orc warrior hits you but does no damage.
The spectral orc knight hits you but does no damage.
The spectral orc warrior hits you from afar with a +0 trident.
* * * LOW HITPOINT WARNING * * *
You partially resist.
You feel drained. You block the hellwing's attack.
The hellwing hits you but does no damage.
You take 4 damage, and have 30/133 hp.
You slash the orc sorcerer!
The orc sorcerer is severely wounded.
You hit the hellwing but do no damage. You hit the orc sorcerer.
You hit Nergalle. You hit Urug.
You flicker for a moment.
Urug no longer looks unusually strong.
The orc sorcerer points at you and mumbles some strange words.
You easily resist.
The orc sorcerer casts a spell at you.
You suddenly lose the ability to move!
Urug hits you with a +4 demon trident!
* * * LOW HITPOINT WARNING * * *
Nergalle hits you but does no damage.
The spectral orc knight barely misses you.
The spectral orc warrior hits you but does no damage. x2
The hellwing hits you!
* * * LOW HITPOINT WARNING * * *
The hellwing hits you but does no damage.
The orc sorcerer hits you but does no damage.
The orc sorcerer hits you with a +0 dagger!
* * * LOW HITPOINT WARNING * * *
Urug hits you with a +4 demon trident!
You die...
Urug screams, "Revenge at last!"
Beogh appreciates Urug's killing of a heretic priest.

.........#....# .
.#.#.#.......#### #...
....#...........####....
.................#..#$..
.<.....[)...............
#...........#....#......
##...........#..........
#...........#Zo...#....
#............o4@.......
##...........4ooo4..##.
#...#........Z...Z.##
##.##....>...3......# ..
.........$........ #..
#.......$.......... ...
##.........#.....#. ...
.........#......


You could see an orc knight (unable to see you, target of vengeance), Urug
(unable to see you, target of vengeance), Nergalle (target of vengeance), an
orange demon (summoned, unable to see you), a hellwing (summoned, unable to see
you), a rust devil (summoned, unable to see you), 2 spectral orc warriors, a
spectral orc knight (summoned), a smoke demon (summoned, unable to see you) and
2 orc sorcerers.

Vanquished Creatures
  Rupert (Lair:5)
  A reaper (IceCv)
  A dire elephant (Lair:5)
  2 hydras (Lair:5)
  A catoblepas (Lair:5)
  A boulder beetle (D:11)
  5 two-headed ogres
  4 death yaks (Lair:5)
  A deep troll shaman (Lair:5)
  Sonja (Lair:5)
  2 skysharks
  A skeletal warrior (D:11)
  Pikel (D:7)
  A lindwurm (Lair:3)
  2 cyclopes
  A salamander (Lair:2)
  A black mamba (Lair:5)
  13 elephants
  2 ice statues (IceCv)
  A gargoyle (D:11)
  4 komodo dragons
  5 cane toads
  Jeremiah (D:9)
  A rime drake (Lair:4)
  A torpor snail (Lair:3)
  Psyche (D:9)
  An unseen horror (D:9)
  4 ice devils (IceCv)
  4 polar bears
  4 trolls
  A hornet (D:9)
  7 dream sheep
  6 blink frogs
  A shadow (D:11)
  42 yaks
  7 wyverns
  Grum (Lair:1)
  2 basilisks
  An acid dragon (D:9)
  9 water moccasins
  3 orc warriors
  3 ice beasts
  3 black bears
  2 sky beasts
  14 wolves
  3 centaurs
  2 ogres
  A phantom (D:6)
  3 lemures (D:7)
  Blork the orc (D:6)
  5 kobold brigands
  10 bullfrogs
  2 gnoll sergeants
  A two-headed ogre simulacrum (IceCv)
  A scorpion (D:6)
  3 cane toad simulacra (IceCv)
  10 wights
  10 killer bees
  2 elephant simulacra (IceCv)
  An electric eel (D:7)
  6 howler monkeys
  2 bombardier beetles
  A hound (D:5)
  10 orc priests
  2 jellies
  2 sleepcaps
  Jessica (D:3)
  An iguana (D:5)
  8 orc wizards
  A spriggan simulacrum (IceCv)
  A wolf simulacrum (IceCv)
  7 gnolls
  A naga simulacrum (IceCv)
  2 adders
  A river rat (D:5)
  3 shadow imps
  6 white imps
  6 ufetubi
  3 dart slugs
  2 ribbon worms
  22 orcs
  3 bats
  7 endoplasms
  5 giant cockroaches
  11 goblins
  7 hobgoblins
  20 kobolds
  4 quokkas
  7 ball pythons
  3 frilled lizards
  17 rats
398 creatures vanquished.

Vanquished Creatures (collateral kills)
  2 hydras
  2 boulder beetles
  2 death yaks (Lair:5)
  A skyshark (Lair:3)
  A lindwurm (Lair:4)
  A manticore (D:11)
  10 elephants
  3 black mambas
  5 cane toads
  2 rime drakes
  7 komodo dragons
  An ice devil (IceCv)
  2 polar bears
  10 blink frogs
  A dream sheep (Lair:5)
  A shadow (D:11)
  3 wyverns
  24 yaks
  3 basilisks
  2 dire elephant simulacra (IceCv)
  7 water moccasins
  2 black bears
  An orc warrior (Orc:1)
  8 wolves
  A centaur (D:10)
  3 bullfrogs (Lair:3)
  A two-headed ogre simulacrum (IceCv)
  A killer bee (D:11)
  3 lava snakes (Lair:2)
  2 hell rats (Lair:4)
  A wolf simulacrum (IceCv)
  4 river rats (Lair:4)
  2 white imps (IceCv)
  2 ufetubi (IceCv)
  2 kobolds (D:10)
  A rat (Lair:4)
  19 foxfires
143 creatures vanquished.

Vanquished Creatures (others)
  5 orc apostles
  2 orc wizards
  A white imp (IceCv)
  5 orcs
  133 foxfires
146 creatures vanquished.

Grand Total: 687 creatures vanquished

Notes
Turn   | Place    | Note
-------+----------+-------------------------------------------
     0 | D:1      | jasper the Mountain Dwarf Brigand began the quest for the
                  | Orb.
     0 | D:1      | Reached XP level 1. HP: 17/17 MP: 1/1
   223 | D:1      | Reached skill level 1 in Armour
   245 | D:1      | Reached XP level 2. HP: 25/25 MP: 2/2
  1044 | D:2      | Reached XP level 3. HP: 14/31 MP: 3/3
  1736 | D:3      | Found a faded altar of an unknown god.
  1775 | D:3      | Prayed at the altar of an unknown god.
  1775 | D:3      | Became a worshipper of Sif Muna the Loreminder
  1775 | D:3      | Reached * piety under Sif Muna
  1776 | D:3      | Fell from the grace of Sif Muna
  1893 | D:3      | Found an ancient bone altar of Kikubaaqudgha.
  1893 | D:3      | Found a hide-covered altar of Uskayaw.
  1893 | D:3      | Found a broken altar of Ashenzari.
  1894 | D:3      | Found a shadowy altar of Dithmenos.
  2155 | D:3      | Noticed Jessica
  2164 | D:3      | Killed Jessica
  2165 | D:3      | Reached XP level 4. HP: 35/39 MP: 4/4
  2674 | D:4      | Reached XP level 5. HP: 43/47 MP: 5/5
  3144 | D:5      | Entered Level 5 of the Dungeon
  3169 | D:5      | Reached skill level 1 in Axes
  3236 | D:5      | Noticed an ice beast
  3254 | D:5      | Killed an ice beast
  3255 | D:5      | Reached XP level 6. HP: 22/53 MP: 6/6
  3418 | D:5      | Became a worshipper of Beogh the Shepherd
  3593 | D:5      | Found a glowing drain.
  3598 | Sewer    | Entered a sewer
  3665 | Sewer    | Reached skill level 5 in Axes
  3769 | Sewer    | Reached * piety under Beogh
  4044 | D:5      | Reached XP level 7. HP: 54/60 MP: 7/7
  4422 | D:5      | Found Soilus's Distillery.
  4426 | D:5      | Bought a potion of haste for 110 gold pieces
  4426 | D:5      | Bought a potion of berserk rage for 55 gold pieces
  4627 | D:5      | Found a stormy altar of Qazlal.
  5005 | D:6      | Noticed Blork the orc
  5013 | D:6      | Killed Blork the orc
  5042 | D:6      | Found a staircase to the Ecumenical Temple.
  5395 | D:6      | Reached XP level 8. HP: 47/67 MP: 8/8
  5589 | D:6      | Reached skill level 10 in Axes
  6625 | D:6      | Reached ** piety under Beogh
  6715 | D:7      | Found Venak's Distillery.
  6801 | D:7      | Bought a potion of curing for 48 gold pieces
  6801 | D:7      | Bought a potion of curing for 48 gold pieces
  7048 | D:7      | Reached XP level 9. HP: 21/72 MP: 9/9
  7606 | D:7      | Noticed Pikel
  7669 | D:7      | Killed Pikel
  8023 | D:7      | Found a bloodstained altar of Trog.
  8198 | D:7      | Reached skill level 1 in Shields
  8577 | D:8      | Reached skill level 5 in Shields
  8588 | D:8      | Reached skill level 1 in Invocations
  8608 | D:8      | Reached skill level 5 in Fighting
  8623 | D:8      | Reached XP level 10. HP: 27/81 MP: 10/12
  8894 | D:8      | Identified a scroll of acquirement
  8894 | D:8      | Acquired the ring "Zotetou" {^Drain rF+++ rC+ Dex+3}
  8951 | D:8      | Found a basalt altar of Yredelemnul.
  9332 | D:9      | Noticed a two-headed ogre
  9345 | D:9      | Killed a two-headed ogre
  9346 | D:9      | Reached skill level 5 in Armour
  9427 | D:9      | Noticed a two-headed ogre
  9453 | D:9      | Killed a two-headed ogre
  9454 | D:9      | Reached skill level 5 in Invocations
  9697 | D:9      | Found a staircase to the Orcish Mines.
  9708 | D:9      | Noticed a cyclops
  9724 | D:9      | Killed a cyclops
 10076 | D:9      | Was forgiven by Sif Muna
 10143 | D:9      | Noticed a two-headed ogre
 10164 | D:9      | Killed a two-headed ogre
 10266 | D:9      | Found a shimmering altar of Xom.
 10364 | D:9      | Noticed Jeremiah
 10370 | D:9      | Killed Jeremiah
 10614 | D:9      | Reached XP level 11. HP: 90/94 MP: 16/16
 10779 | D:9      | Paralysed by a hornet for 1 turns
 10889 | D:9      | Noticed Psyche
 10937 | D:9      | Killed Psyche
 11057 | D:9      | Noticed a two-headed ogre
 11072 | D:9      | Killed a two-headed ogre
 11252 | D:9      | Found Oluatun's Tiny Tomes.
 11659 | D:10     | Entered Level 10 of the Dungeon
 11778 | D:10     | Reached *** piety under Beogh
 11791 | D:10     | Noticed Arkwar
 11818 | D:10     | Anointed Arkwar the priest as your apostle
 12073 | D:10     | Found a runed translucent door.
 12073 | D:10     | Noticed SageDae's ghost (journeyman CoGl)
 12893 | D:11     | Found a staircase to the Lair.
 12935 | D:11     | Noticed Gorm
 12950 | D:11     | Anointed Gorm the wizard as your apostle
 13330 | D:11     | Reached skill level 10 in Invocations
 13424 | D:11     | Noticed a skeletal warrior
 13427 | D:11     | Killed a skeletal warrior
 13428 | D:11     | Reached skill level 10 in Fighting
 13604 | D:11     | Reached skill level 10 in Armour
 13608 | D:11     | Noticed a two-headed ogre
 13611 | D:11     | Killed a two-headed ogre
 13612 | D:11     | Reached XP level 12. HP: 106/106 MP: 9/19
 13682 | D:11     | Noticed a boulder beetle
 13694 | D:11     | Killed a boulder beetle
 14024 | D:11     | Noticed a seven-headed hydra
 14024 | D:11     | Noticed a centaur warrior
 14024 | D:11     | Noticed a frost giant
 14033 | D:11     | Your ally Gorm died
 14082 | Lair:1   | Entered Level 1 of the Lair of Beasts
 14173 | Lair:1   | Reached skill level 15 in Axes
 14493 | Lair:1   | Noticed Grum
 14502 | Lair:1   | Killed Grum
 15422 | Lair:2   | Found a frozen archway.
 15446 | Lair:2   | Identified the +5 dagger of Undoing {flame, *Noise rC++ rN+
                  | rCorr}
 15446 | Lair:2   | Identified the +1 robe "Nujeamo" {rElec Will+ Str+3}
 15446 | Lair:2   | Noticed Alork
 15459 | Lair:2   | Your ally Arkwar died
 15481 | Lair:2   | Anointed Alork the wizard as your apostle
 15544 | IceCv    | Entered an ice cave
 15974 | IceCv    | Reached **** piety under Beogh
 15975 | IceCv    | Noticed a reaper
 15979 | IceCv    | Killed a reaper
 16733 | Lair:2   | Reached XP level 13. HP: 114/117 MP: 21/21
 16951 | Lair:2   | Found a staircase to the Swamp.
 17373 | Lair:2   | Found a staircase to the Snake Pit.
 18520 | Lair:3   | You fall into a shaft and drop 2 floors!
 18520 | Lair:5   | Entered Level 5 of the Lair of Beasts
 18520 | Lair:5   | Noticed Rupert
 18524 | Lair:5   | Killed Rupert
 18926 | Lair:5   | Noticed Sonja
 18932 | Lair:5   | Killed Sonja
 19005 | Lair:5   | Found a viscous altar of Jiyva.
 19298 | Lair:4   | Found an ornate altar of the Wu Jian Council.
 19301 | Lair:4   | Reached XP level 14. HP: 133/133 MP: 23/23
 19937 | Lair:4   | Reached skill level 15 in Fighting
 20904 | Lair:5   | Found a staircase to the Slime Pits.
 21358 | Lair:5   | Your ally Alork died
 21377 | Lair:5   | Your ally Arkwar died
 22436 | Lair:5   | Identified the ring "Zeom" {rF+ rC+ rN+ Slay+3}
 22893 | Orc:1    | Entered Level 1 of the Orcish Mines
 22997 | Orc:1    | Noticed Urug
 23000 | Orc:1    | Noticed Nergalle
 23006 | Orc:1    | Paralysed by an orc sorcerer for 5 turns
 23009 | Orc:1    | Your ally Gorm died
 23016 | Orc:1    | Paralysed by an orc sorcerer for 2 turns
 23017 | Orc:1    | HP: 4/133 [orc sorcerer/+0 dagger[an orc knight] (7)]
 23017 | Orc:1    | Mangled by Urug

Illustrated notes

Levels and vault maps discovered:
D:1:      saegor_arrival_simple_a, layout_basic
D:2:      layout_basic, minmay_stone_trees_small, kennysheep_generic_room_7
D:3:      kennysheep_the_goblin_king, layout_basic,
          chequers_temple_overflow_statue_of_worship,
          ebering_ecumenical_altar_petrified, uniq_jessica
D:4:      layout_cave_pools
D:5:      layout_basic, general_overflow_altar, serial_shops, shop,
          gup_sewer_entry_spiral
D:6:      layout_loops_ring, temple_pool_b, uniq_blork_the_orc
D:7:      layout_cave_pods, trog_book, serial_shops, shop,
          nicolae_lava_and_water, amcnicky_mini_pool_medium, uniq_pikel
D:8:      layout_gridville, mainiacjoe_overflow_alcove_2
D:9:      layout_stronghold, regret_index_xom_buried_treasure, erik_orc_3,
          nicolae_shop_i_like_small_books_too, uniq_jeremiah, uniq_psyche
D:10:     layout_rooms, gammafunk_ghost_grave
D:11:     nzn_winding_woodlands_three_and_one
          [nzn_winding_woodlands_5x15_sidewinder,
          nzn_winding_woodlands_5x15_pool, nzn_winding_woodlands_5x15_zeroes,
          nzn_winding_woodlands_center_triple_pond], layout_cave_pods,
          minmay_lair_entry_grove
Lair:1:   layout_chaotic_city, minmay_stone_trees_large, serial_bayou_shore_b,
          uniq_grum
Lair:2:   layout_layer_cave, swamp_mist_pool, nicolae_snake_entry_warm_welcome,
          portal_ice_cave_entry_pillars_1, serial_bayou_lagoon_a, st_stairs_7
Lair:3:   layout_cellular_growth, minmay_hedge_maze, beast_lair_carwin_9,
          grunt_megastairs_4
Lair:4:   layout_cellular_growth, basic_altar, pdpol_lair_neglected_garden,
          kennysheep_abandoned_house
Lair:5:   grunt_lair_end_beastmaster, layout_loops_ring, slime_entry_1,
          uniq_rupert, uniq_sonja
Orc:1:    layout_caves, basic_altar, serial_shops, nicolae_shop_trees,
          nicolae_orc_beogh_chapel, uniq_urug, uniq_nergalle

Skill      XL: |  1  2  3  4  5  6  7  8  9 10 11 12 13 14 |
---------------+-------------------------------------------+-----
Armour         | 1 2 3 4 7 10 12 13 | 13.6
Fighting       | 3 4 5 7 10 11 14 16 | 16.3
Axes           | 4 6 9 12 14 16 | 16.0
Shields        | 5 |  5.0
Invocations    | 2 7 10 11 13 14 | 14.7
Short Blades   | |  1.5
Throwing       | |  1.5
Dodging        | |  0.6
Stealth        | |  2.9

Action                     |  1- 3 |  4- 6 |  7- 9 | 10-12 | 13-15 || total
---------------------------+-------+-------+-------+-------+-------++-------
  Melee: Dagger            |   209 |    65 |       |       |       ||   274
         Hand axe          |       |   107 |   359 |   425 |       ||   891
         War axe           |       |       |       |   345 |   579 ||   924
         Trident           |       |       |       |       |    11 ||    11
  Throw: Dart              |    17 |    15 |    33 |    67 |       ||   132
 Invoke: Renounce Religion |     1 |       |       |       |       ||     1
         Convert to Beogh  |       |     1 |       |       |       ||     1
         Smiting           |       |       |       |    18 |    12 ||    30
         Recruit Apostle   |       |       |       |     3 |       ||     3
         Recall Apostles   |       |       |       |     1 |     3 ||     4
  Evoke: Wand              |       |       |    20 |    10 |     1 ||    31
    Use: Scroll            |     5 |     8 |     3 |     8 |     2 ||    26
         Potion            |       |     4 |     2 |     3 |     5 ||    14
   Stab: Paralysed         |       |       |     3 |     1 |       ||     4
         Distracted        |       |       |       |     8 |    11 ||    19
         Petrified         |       |       |       |       |     5 ||     5
         Invisible         |       |       |       |       |     1 ||     1
 Armour: Ring mail         |    75 |       |       |       |       ||    75
         Scale mail        |    65 |   174 |    56 |       |       ||   295
         Chain mail        |       |       |   242 |    64 |       ||   306
         Plate armour      |       |       |       |   501 |   749 ||  1250
         Skin              |       |       |       |     2 |       ||     2
  Dodge: Dodged            |    94 |    98 |   114 |   126 |   135 ||   567
  Block: Buckler           |       |       |    15 |   128 |   229 ||   372

Table legend: (Time is in decaauts)
 A = Elapsed time spent in this place.
 B = Non-inter-level travel time spent in this place.
 C = Inter-level travel time spent in this place.
 D = Time resting spent in this place.
 E = Time spent auto-exploring this place.
 F = Levels seen in this place.
 G = Mean time per level.
                   A        B        C        D        E       F      G
               +--------+--------+--------+--------+--------+-----+--------+
         Total |  22588 |  21856 |    732 |   2551 |  15038 |  19 | 1188.8 |
       Dungeon |  13554 |  13100 |    454 |   1711 |   8791 |  11 | 1232.2 |
          Lair |   7816 |   7539 |    277 |    754 |   5550 |   5 | 1563.2 |
  Orcish Mines |    119 |    119 |      0 |      0 |     81 |   1 |  119.0 |
         Sewer |    380 |    380 |      0 |      0 |    251 |   1 |  380.0 |
      Ice Cave |    718 |    718 |      0 |     86 |    364 |   1 |  718.0 |
               +--------+--------+--------+--------+--------+-----+--------+

Top non-repeatable levels by time:
     D:9: 2456 daAuts
  Lair:5: 2294 daAuts
  Lair:2: 1705 daAuts
     D:6: 1687 daAuts
    D:11: 1608 daAuts
     D:7: 1562 daAuts
     D:5: 1550 daAuts
  Lair:4: 1452 daAuts
  Lair:3: 1194 daAuts
  Lair:1: 1169 daAuts
     D:2: 948 daAuts
     D:8: 845 daAuts
     D:3: 834 daAuts
     D:1: 727 daAuts
    D:10: 722 daAuts
